 Dungeon Crawl Stone Soup version 0.32-a0-33-g74fbe469d6 (webtiles) character file.

Game seed: 4293380870040637377

72 Querens the Shield-Bearer (level 4, -2/37 HPs)
             Began as a Formicid Fighter on Jan 21, 2024.
             Incinerated by a bombardier beetle (6 damage)
             ... with a burning spray
             ... on level 3 of the Dungeon.
             The game lasted 00:05:12 (1219 turns).

Querens the Shield-Bearer (Formicid Fighter)        Turns: 1219, Time: 00:05:13

Health: -2/37      AC:  7    Str: 22    XL:     4   Next: 48%
Magic:  4/4        EV:  9    Int:  8    God:
Gold:   119        SH:  5    Dex: 13    Spells: 3/3 levels left

rFire   . . .        a - +0 war axe
rCold   . . .        c - +0 buckler
rNeg    . . .        b - +0 scale mail
rPois   .            (helmet unavailable)
rElec   .            (no cloak)
rCorr   .            (no gloves)
SInv    +            (no boots)
Will    .....        (no amulet) Stlth
                     (no ring)
HPRegen 0.26/turn    (no ring)
MPRegen 0.09/turn

%: no passive effects
@: mighty, on fire, glowing
A: permanent stasis, dig shafts and tunnels, antennae 3, four strong arms
a: Dig, Shaft Self


You were on level 3 of the Dungeon.
You visited 1 branch of the dungeon, and saw 3 of its levels.

You collected 119 gold pieces.

Inventory:

Hand Weapons
 a - a +0 war axe (weapon)
 m - a +1 hand axe of flaming
Armour
 b - a +0 scale mail (worn)
 c - a +0 buckler (worn)
Wands
 o - a wand of flame (14)
 q - a wand of paralysis (11)
Scrolls
 e - 2 scrolls of teleportation {unknown}
 f - 3 scrolls of blinking {unknown}
 g - 3 scrolls of poison {unknown}
 j - a scroll of immolation {unknown}
 l - a scroll of identify {unknown}
 p - a scroll of amnesia {unknown}
Potions
 d - a potion of might
 h - a potion of cancellation {unknown}
 i - a potion of haste {unknown}
 k - 2 potions of degeneration {unknown}
 n - a potion of curing {unknown}


   Skills:
 + Level 4.0 Fighting
 + Level 2.8 Axes
 + Level 3.9 Armour
 + Level 4.7 Shields


You had 3 spell levels left.
You didn't know any spells.
Your spell library was empty.

Dungeon Overview and Level Annotations

Branches:
Dungeon (3/15)

Altars:
Yredelemnul


Innate Abilities, Weirdness & Mutations

You cannot be hasted, slowed, berserked, paralysed or teleported.
You can dig through walls and to a lower floor.
You have a pair of large antennae on your head. (SInv)
Your four strong arms can wield two-handed weapons with a shield.


Message History

The rat is heavily wounded.
The rat bites you.
You slash the rat!
You kill the rat!
No target in view!
No target in view!
You see here a rat corpse.
e - 2 scrolls labelled TUONECZAVO (gained 1)
A bombardier beetle comes into view.
The bombardier beetle sprays incendiary fluid at you.
The burning spray hits you.
You are covered in liquid fire!
You shake off some of the fire as you move.
The liquid fire burns you!
You shake off the liquid fire.
You barely miss the bombardier beetle.
The bombardier beetle bites you but does no damage.
You barely miss the bombardier beetle.
The bombardier beetle sprays incendiary fluid at you.
The burning spray hits you.
You are covered in liquid fire!
You hit the bombardier beetle but do no damage.
The liquid fire burns you!
You block the bombardier beetle's attack.
You barely miss the bombardier beetle. The liquid fire burns you!
You barely miss the bombardier beetle. The liquid fire burns you!
The bombardier beetle misses you.
You barely miss the bombardier beetle. The liquid fire burns you!
* * * LOW HITPOINT WARNING * * *
The bombardier beetle closely misses you.
You barely miss the bombardier beetle. The liquid fire burns you!
* * * LOW HITPOINT WARNING * * *
The bombardier beetle barely misses you.
You feel very mighty all of a sudden. The liquid fire burns you!
You die...

##### #...
####.#######
#
#...@B......
..#
#.##.#######
.####.#<
#.##.#
.......#
#.##.#
.....#.
##.##.#
#....
#.....#
#.#..
#..####
#.... #..#
##..# #..#
#..#


You could see a bombardier beetle.

Vanquished Creatures
  2 adders (D:2)
  3 dart slugs
  A ribbon worm (D:2)
  6 bats
  5 endoplasms
  2 giant cockroaches
  6 goblins
  3 hobgoblins
  2 quokkas
  3 ball pythons
  3 frilled lizards
  2 kobolds (D:2)
  6 rats
44 creatures vanquished.

Notes
Turn   | Place    | Note
-------+----------+-------------------------------------------
     0 | D:1      | Querens the Formicid Fighter began the quest for the Orb.
     0 | D:1      | Reached XP level 1. HP: 18/18 MP: 1/1
   149 | D:1      | Reached XP level 2. HP: 22/24 MP: 2/2
   428 | D:1      | Reached XP level 3. HP: 22/28 MP: 3/3
   691 | D:2      | Found a basalt altar of Yredelemnul.
   989 | D:2      | Reached XP level 4. HP: 31/37 MP: 4/4
  1146 | D:3      | Identified the +6 dagger "Lifebane" {flame, *Slow rPois
                  | Will+}
  1219 | D:3      | Incinerated by a bombardier beetle

Illustrated notes

Levels and vault maps discovered:
D:1:      lightli_arrival_boilingwater, layout_loops_ring, amethyst_killhole
D:2:      layout_loops_cross, basic_altar, minmay_misc_feat_rows
D:3:      layout_loops_ring, serial_shops, nicolae_shop_waterfront,
          kennysheep_nub, uniq_sigmund

Skill      XL: |  1  2  3  4 |
---------------+-------------+-----
Fighting       | 4 |  4.0
Axes           | |  2.8
Armour         | |  3.9
Shields        | |  4.7

Action                     |  1- 3 |  4- 6 || total
---------------------------+-------+-------++-------
  Melee: War axe           |    80 |    51 ||   131
Ability: Dig               |     1 |       ||     1
    Use: Potion            |       |     1 ||     1
 Armour: Scale mail        |    53 |    26 ||    79
  Dodge: Dodged            |    45 |    20 ||    65
  Block: Buckler           |    24 |    10 ||    34

Table legend: (Time is in decaauts)
 A = Elapsed time spent in this place.
 B = Non-inter-level travel time spent in this place.
 C = Inter-level travel time spent in this place.
 D = Time resting spent in this place.
 E = Time spent auto-exploring this place.
 F = Levels seen in this place.
 G = Mean time per level.
                   A        B        C        D        E       F      G
               +--------+--------+--------+--------+--------+-----+--------+
         Total |   1276 |   1255 |     21 |      0 |      0 |   3 |  425.3 |
       Dungeon |   1276 |   1255 |     21 |      0 |      0 |   3 |  425.3 |
               +--------+--------+--------+--------+--------+-----+--------+

Top non-repeatable levels by time:
     D:2: 595 daAuts
     D:1: 591 daAuts
     D:3: 89 daAuts
